 Dungeon Crawl Stone Soup version 0.31-a0-221-gbddc013574 (webtiles) character file.

Game seed: 13553635104993942950

242 qw the Chopper (level 6, -6/38 HPs)
             Began as a Gargoyle Fighter on July 4, 2023.
             Mangled by a gnoll
             ... wielding a +0 halberd of protection
              (7 damage)
             ... on level 3 of the Dungeon.
             The game lasted 00:01:12 (2254 turns).

qw the Chopper (Gargoyle Fighter)                   Turns: 2254, Time: 00:01:13

Health: -6/38      AC: 13    Str: 21    XL:     6   Next: 9%
Magic:  6/6        EV:  7    Int:  9    God:
Gold:   141        SH:  4    Dex:  9    Spells: 5/5 levels left

rFire   . . .        Y - +0 war axe
rCold   . . .        c - +0 buckler
rNeg    + . .        f - +0 chain mail
rPois   inf          (no helmet)
rElec   +            (no cloak)
rCorr   .            (no gloves)
SInv    .            (no boots)
Will    .....        (no amulet) Stlth
                     (no ring)
HPRegen 0.26/turn    (no ring)
MPRegen 0.10/turn

%: no passive effects
@: no status effects
A: sickness immunity, AC +4, negative energy resistance 1, electricity
resistance, torment resistance 1, petrification resistance
a: no special abilities


You were on level 3 of the Dungeon.
You visited 1 branch of the dungeon, and saw 3 of its levels.

You collected 141 gold pieces.


Innate Abilities, Weirdness & Mutations

You are immune to sickness and miasma.
Your stone body is resilient. (AC +4)
You are immune to poison.
You resist negative energy. (rN+)
You are resistant to electric shocks. (rElec)
You are resistant to unholy torment.
You are immune to petrification.


   Skills:
 - Level 4.0 Fighting
 + Level 5.2 Axes
 - Level 3.2 Armour
 - Level 3.2 Shields


You had 5 spell levels left.
You didn't know any spells.
Your spell library was empty.

Inventory:

Hand Weapons
 a - a +3 flail of protection
 Y - a +0 war axe (weapon)
Armour
 c - a +0 buckler (worn)
 f - a +0 chain mail (worn)
Scrolls
 g - 3 scrolls of identify
Potions
 d - a potion of might

Dungeon Overview and Level Annotations

Branches:
Dungeon (3/15)

Altars:

Shops:
D:1 *


Message History

The gnoll closely misses you.
The hobgoblin hits you but does no damage.
You slash the hobgoblin!
You kill the hobgoblin!
You slash the gnoll!
You kill the gnoll!
The gnoll hits you from afar with a +0 halberd of protection.
You slash the gnoll!
The gnoll is severely wounded.
You completely miss the gnoll. You block the gnoll's attack.
The gnoll hits you with a +0 whip. The gnoll hits you with a +0 club!
You barely miss the gnoll.
The gnoll is severely wounded.
You slash the gnoll! The gnoll hits you but does no damage.
The gnoll closely misses you. The gnoll barely misses you.
You slash the gnoll!
You kill the gnoll!
You closely miss the gnoll. The gnoll barely misses you.
The gnoll hits you but does no damage. The gnoll barely misses you.
The gnoll hits you but does no damage.
You have reached level 6!
You closely miss the gnoll.
The gnoll is heavily wounded.
You slash the dart slug! The gnoll barely misses you.
The gnoll hits you but does no damage. The dart slug launches a dart at you.
The slug dart hits you.
You hit the dart slug.
You kill the dart slug!
You hit the gnoll.
The gnoll hits you from afar with a +0 halberd of protection!
You block the gnoll's attack.
You hit the gnoll.
You kill the gnoll!
The gnoll hits you from afar with a +0 halberd of protection.
The gnoll hits you from afar with a +0 halberd of protection!
The gnoll hits you with a +0 halberd of protection!
You die...

#.......# #.. #.......#
#.. ##.......# #..
..##...###..#####..
....................
.###.######..##...## #.#
##)....## #
#.###)#####....### #
#...@........#.# ##
......g).######.#.#####.
#......### #.#.......
#...... #.#......#
######. #.#....... ##
#.#......# #.#......#
.##.##### #.


You could see a gnoll.

Vanquished Creatures
  Jessica (D:3)
  Terence (D:2)
  An orc wizard (D:3)
  3 gnolls (D:3)
  6 adders
  A worm (D:3)
  A dart slug (D:3)
  6 orcs (D:3)
  4 ball pythons
  8 endoplasms
  4 giant cockroaches
  6 goblins
  9 hobgoblins
  2 jackals (D:2)
  4 bats
  2 frilled lizards
  5 kobolds
  7 rats
71 creatures vanquished.

Vanquished Creatures (others)
  A bat (D:3)
1 creature vanquished.

Grand Total: 72 creatures vanquished

Notes
Turn   | Place    | Note
-------+----------+-------------------------------------------
     0 | D:1      | qw the Gargoyle Fighter began the quest for the Orb.
     0 | D:1      | Reached XP level 1. HP: 14/14 MP: 1/1
     0 | D:1      | 0 ||| qw: Version: 0.3-a-41-g9d075ac
     0 | D:1      | 0 ||| qw: Game counter: 772
     0 | D:1      | 0 ||| qw: Melee chars always use a shield: true
     0 | D:1      | 0 ||| qw: God list: Okawaru
     0 | D:1      | 0 ||| qw: Allow faded altars: false
     0 | D:1      | 0 ||| qw: Do Orc after clearing Dungeon:15 true
     0 | D:1      | 0 ||| qw: Do second Lair branch before Depths: true
     0 | D:1      | 0 ||| qw: Lair rune preference: random
     0 | D:1      | 0 ||| qw: Goals: Normal, Zot:1-4, Slime:5, God:TSO, Crypt,
                  | Tomb, Abyss, Pan, Hells, Win
     0 | D:1      | 0 ||| PLANNING D:1-11
    72 | D:1      | Reached skill level 2 in Axes
   112 | D:1      | 112 ||| Stepping ~*~*~tactically~*~*~ (hiding).
   350 | D:1      | Reached XP level 2. HP: 19/19 MP: 2/2
   407 | D:1      | Found Racw's General Store.
   410 | D:1      | 410 ||| SHOPLISTING potion of enlightenment (70 gold, have
                  | 16).
   410 | D:1      | 410 ||| SHOPLISTING scroll of teleportation (42 gold, have
                  | 16).
   782 | D:1      | Reached skill level 3 in Axes
  1009 | D:1      | 1009 ||| UPGRADING to +0 chain mail.
  1019 | D:1      | 1019 ||| DROPPING +0 scale mail.
  1020 | D:1      | 1020 ||| READING 2 scrolls labelled YNUIDA PECH.
  1021 | D:1      | 1021 ||| READING scroll labelled XUTE DIUB TOON.
  1022 | D:1      | 1022 ||| DROPPING scroll of amnesia.
  1052 | D:2      | Reached XP level 3. HP: 20/23 MP: 3/3
  1180 | D:2      | 1180 ||| Stepping ~*~*~tactically~*~*~ (stealth).
  1185 | D:2      | 1185 ||| Stepping ~*~*~tactically~*~*~ (stealth).
  1186 | D:2      | 1186 ||| Stepping ~*~*~tactically~*~*~ (stealth).
  1187 | D:2      | 1187 ||| Stepping ~*~*~tactically~*~*~ (stealth).
  1357 | D:2      | Reached XP level 4. HP: 28/28 MP: 4/4
  1406 | D:2      | 1406 ||| DROPPING +0 club.
  1524 | D:2      | Noticed Terence
  1541 | D:2      | Killed Terence
  1542 | D:2      | Reached skill level 4 in Axes
  1794 | D:2      | 1794 ||| READING scroll labelled WOECUK RANER.
  1795 | D:2      | 1795 ||| READING scroll labelled QENUFE ADUUDGHO.
  1796 | D:2      | 1796 ||| READING 4 scrolls labelled JOOT WOENI.
  1797 | D:2      | 1797 ||| READING 3 scrolls of identify.
  1797 | D:2      | 1797 ||| IDENTIFYING amethyst potion
  1798 | D:2      | 1798 ||| DROPPING potion of degeneration.
  1874 | D:3      | Reached XP level 5. HP: 30/32 MP: 5/5
  1953 | D:3      | 1953 ||| Stepping ~*~*~tactically~*~*~ (hiding).
  1982 | D:3      | Reached skill level 5 in Axes
  2026 | D:3      | 2026 ||| DROPPING +0 mace.
  2111 | D:3      | 2111 ||| Stepping ~*~*~tactically~*~*~ (stealth).
  2198 | D:3      | 2198 ||| Stepping ~*~*~tactically~*~*~ (stealth).
  2199 | D:3      | 2199 ||| Stepping ~*~*~tactically~*~*~ (stealth).
  2215 | D:3      | Noticed Jessica
  2221 | D:3      | Killed Jessica
  2251 | D:3      | Reached XP level 6. HP: 23/38 MP: 6/6
  2253 | D:3      | HP: 1/38 [gnoll/+0 halberd of protection (9)]
  2254 | D:3      | Mangled by a gnoll

Levels and vault maps discovered:
D:1:      lightli_arrival_statue_moat, layout_loops_corners, serial_shops,
          nicolae_shop_window_shopping, roderic_serpentine_path
D:2:      layout_basic, uniq_terence
D:3:      layout_rooms, chequers_serial_rivers_small_a, st_stairs_13,
          grunt_ministairs_2, uniq_jessica

Skill      XL: |  1  2  3  4  5 |
---------------+----------------+-----
Axes           | 2 3 4 5 |  5.2
Fighting       | 4 |  4.0
Armour         | |  3.2
Shields        | |  3.2

Action                     |  1- 3 |  4- 6 || total
---------------------------+-------+-------++-------
  Melee: War axe           |    86 |    97 ||   183
  Throw: Boomerang         |       |     1 ||     1
    Use: Scroll            |     2 |     4 ||     6
 Armour: Scale mail        |     6 |       ||     6
         Chain mail        |    28 |    61 ||    89
  Dodge: Dodged            |    28 |    29 ||    57
  Block: Buckler           |     7 |    18 ||    25

Table legend:
 A = Non-vault XP
 B = Vault XP
 C = Vault XP percentage of total XP
 D = Non-vault monster count
 E = Vault monster count
 F = Vault count percentage of total count
                 A         B        C        D         E       F
            +---------+---------+-------+---------+---------+-------
      Total |     267 |      80 |  23.1 |      66 |       5 |   7.0
            +---------+---------+-------+---------+---------+-------
        D:1 |      33 |       0 |   0.0 |      20 |       0 |   0.0
        D:2 |      75 |      36 |  32.4 |      21 |       1 |   4.5
        D:3 |     159 |      44 |  21.7 |      25 |       4 |  13.8
            +---------+---------+-------+---------+---------+-------
